 Dungeon Crawl Stone Soup version 0.30-a0-568-g124715a40b (webtiles) character file.

Game seed: 11423795258188654131

512 OTABOTABOTAB the Conjurer (level 6, -1/45 HPs)
             Began as a Draconian Conjurer on Dec 28, 2022.
             Slain by Edmund
             ... wielding a +5 heavy dire flail
              (17 damage)
             ... on level 4 of the Dungeon.
             The game lasted 00:05:31 (3502 turns).

OTABOTABOTAB the Conjurer (Draconian Conjurer)      Turns: 3502, Time: 00:05:32

Health: -1/45      AC:  7    Str:  9    XL:     6   Next: 99%
Magic:  5/14       EV: 12    Int: 20    God:
Gold:   69         SH:  0    Dex: 10    Spells: 13/16 levels left

rFire   . . .      SeeInvis .    k - +1 sling
rCold   . . .      Faith    .    (no shield)
rNeg    . . .      Spirit   .    (body armour unavailable)
rPois   .          Reflect  .    (helmet restricted)
rElec   .          Harm     .    (no cloak)
rCorr   .          Rampage  .    g - +0 pair of gloves
Will    .....                    (no boots)
Stlth   ++                       (no amulet)
HPRegen 0.27/turn                (no ring)
MPRegen 0.14/turn                (no ring)

@: no status effects
A: AC +6, unfitting armour, cold-blooded
a: no special abilities


You were on level 4 of the Dungeon.
You visited 1 branch of the dungeon, and saw 4 of its levels.

You collected 69 gold pieces.

Inventory:

Hand Weapons
 k - a +1 sling (weapon)
   (You found it on level 2 of the Dungeon)
Missiles
 b - 4 poisoned darts
 f - 6 curare-tipped darts
 s - 43 stones
Armour
 g - a +0 pair of gloves (worn)
   (You found it on level 1 of the Dungeon)
Scrolls
 a - a scroll of enchant weapon
 c - a scroll of silence {unknown}
 d - a scroll of brand weapon {unknown}
 i - 4 scrolls of identify {unknown}
Potions
 e - a potion of cancellation {unknown}
 j - 2 potions of haste {unknown}
 N - a potion of heal wounds {@q2}


   Skills:
 - Level 1.7 Dodging
 - Level 1.7 Stealth
 * Level 5.8 Spellcasting
 + Level 5.8 Conjurations


You had 13 spell levels left.
You knew the following spells:

 Your Spells              Type           Power      Damage    Failure   Level
a - Magic Dart            Conj           100%       1d8       1%          1
b - Searing Ray           Conj           58%        2d6       1%          2

Your spell library contained the following spells:

 Spells                   Type           Power      Damage    Failure   Level
 Dazzling Flash           Conj/Hex       34%        N/A       10%         3
 Summon Small Mammal      Summ           20%        N/A       11%         1
 Mephitic Cloud           Conj/Pois/Air  13%        N/A       14%         3
 Call Imp                 Summ           5%         N/A       16%         2
 Call Canine Familiar     Summ           5%         N/A       32%         3
 Portal Projectile        Hex/Tloc       10%        N/A       32%         3
 Summon Guardian Golem    Hex/Summ       5%         N/A       32%         3
 Tukima's Dance           Hex            5%         N/A       32%         3
 Fulminant Prism          Conj/Hex       8%         3d6       32%         4
 Iskenderun's Mystic Bla  Conj/Tloc      17%        2d5       32%         4
 Blade Hands              Tmut           2%         N/A       96%         5


Dungeon Overview and Level Annotations

Branches:
Dungeon (3/15)

Altars:

Shops:
D:2 [

Annotations:
D:4 Edmund


Innate Abilities, Weirdness & Mutations

Your plain brown scales are hard. (AC +6)
You cannot fit into any form of body armour.
You are cold-blooded and may be slowed by cold attacks.


Message History

The sling bullet hits the iguana but does no damage.
Aim: an iguana (heavily wounded, 82% to hit)
The searing ray hits the iguana. (Press . to maintain the ray.)
You now have 12/14 mp.
The searing ray hits the iguana.
You kill the iguana!
You now have 11/14 mp.
You now have 10/14 mp.
j - 2 clear potions (gained 1)
A gnoll comes into view. It is wielding a +0 spear.
MP restored: 14 A gnoll is nearby!
You shoot a sling bullet. The sling bullet hits the gnoll.
The gnoll shouts!
The teleport trap disappears.
The gnoll disappears!
A gnoll comes into view. It is wielding a +0 club.
The gnoll moves out of view.
A gnoll comes into view. It is wielding a +0 spear.
You shoot a sling bullet. The gnoll shouts!
The sling bullet hits the gnoll but does no damage.
You shoot a sling bullet. The sling bullet hits the gnoll.
You shoot a sling bullet.
The sling bullet barely misses the gnoll.
You shoot a sling bullet.
The sling bullet hits the gnoll but does no damage.
You shoot a sling bullet. The sling bullet hits the gnoll.
Aim: a gnoll, wielding a +0 spear (heavily wounded, 82% to hit)
The searing ray hits the gnoll!
You kill the gnoll! (Press . to maintain the ray.)
You now have 12/14 mp.
The searing ray hits the gnoll!
You kill the gnoll!
You now have 11/14 mp.
You now have 10/14 mp.
A gnoll is nearby!
A gnoll is nearby!
You shoot a sling bullet.
The sling bullet barely misses the gnoll.
You shoot a sling bullet. The sling bullet hits the gnoll!
You can't see any susceptible monsters within range! (Use Z to cast anyway.) Unknown command.
You shoot a sling bullet.
The sling bullet hits the gnoll but does no damage.
Aim: a gnoll, wielding a +0 spear (heavily wounded, 82% to hit)
The searing ray hits the gnoll!
You kill the gnoll! (Press . to maintain the ray.)
You now have 10/14 mp.
You now have 9/14 mp.
You now have 8/14 mp.
Found an escape hatch in the floor.
MP restored: 14
Items here: )) ††.
You now have 69 gold pieces (gained 10).
Found a stone staircase leading down.
d - a scroll labelled WEUMUA OVOO
f - 6 curare-tipped darts Edmund the Younger comes into view.
He is wielding a +5 heavy dire flail and carrying a wand of flame (22).
Edmund shouts!
You shoot a sling bullet. The sling bullet hits Edmund.
Okay, then.
Unknown command.
This spell is quite dangerous to cast!
Memorise Iskenderun's Mystic Blast, consuming 4 spell levels and leaving 9?
You start memorising the spell.
You continue memorising.
Edmund grinds his teeth, and then sighs.
Edmund zaps a wand.
Your memorisation is interrupted.
The puff of flame hits you.
You take 3 damage, and have 42/45 hp.
Aim: Edmund, wielding a +5 heavy dire flail, wearing a +0 chain mail and carrying a wand of flame (21) (lightly wounded, 85% to hit)
The searing ray hits Edmund. (Press . to maintain the ray.)
You now have 12/14 mp.
The searing ray hits Edmund.
You now have 11/14 mp.
The searing ray hits Edmund.
You now have 10/14 mp.
The searing ray hits Edmund but does no damage.
You finish channelling your searing ray.
Edmund hits you with a +5 heavy dire flail.
You take 3 damage, and have 40/45 hp.
You now have 9/14 mp.
Aim: Edmund, wielding a +5 heavy dire flail, wearing a +0 chain mail and carrying a wand of flame (21) (moderately wounded, 85% to hit)
The searing ray misses Edmund. (Press . to maintain the ray.) Edmund zaps a wand.
The puff of flame hits you!
You take 8 damage, and have 32/45 hp.
You now have 7/14 mp.
The searing ray hits Edmund.
Edmund hits you with a +5 heavy dire flail!
You take 16 damage, and have 16/45 hp.
MASSIVE DAMAGE!!
You now have 6/14 mp.
The searing ray hits Edmund.
The searing ray hits Edmund.
You finish channelling your searing ray.
Edmund hits you with a +5 heavy dire flail!
You die...

.. ..# # .. . ...... .. #.# (
....... ... ###..##.
##....... ....##...#..
#........ .......@##.#
#........ #.@##.# #........
#.....#####........
####.#...#.......)....
##..>.#.....###........
##..........###.........
#.......................
#............##.........
######............##.....)...
.................###.........


You could see Edmund.

Vanquished Creatures
  An ogre (D:3)
  4 wights (D:4)
  3 iguanas
  3 gnolls (D:4)
  5 adders
  A worm (D:4)
  4 dart slugs
  5 endoplasms
  A giant cockroach (D:4)
  3 goblins
  8 hobgoblins
  A quokka (D:2)
  7 ball pythons
  8 bats
  9 frilled lizards (D:1)
  5 kobolds
  5 rats
73 creatures vanquished.

Vanquished Creatures (others)
  6 plants (D:1)
6 creatures vanquished.

Grand Total: 79 creatures vanquished

Notes
Turn   | Place    | Note
-------+----------+-------------------------------------------
     0 | D:1      | OTABOTABOTAB the Draconian Conjurer began the quest for the
                  | Orb.
     0 | D:1      | Reached XP level 1. HP: 14/14 MP: 3/3
   486 | D:1      | Reached XP level 2. HP: 20/20 MP: 1/5
   760 | D:1      | Learned a level 2 spell: Searing Ray
  1131 | D:1      | Reached skill level 3 in Spellcasting
  1131 | D:1      | Reached XP level 3. HP: 26/26 MP: 2/7
  1852 | D:2      | Found Keniet's Armour Emporium.
  2073 | D:2      | Reached XP level 4. HP: 33/33 MP: 6/9
  2471 | D:3      | Reached skill level 4 in Spellcasting
  2745 | D:3      | Reached XP level 5. HP: 38/38 MP: 7/11
  2908 | D:3      | Noticed an ogre
  2994 | D:3      | HP: 7/38 [ogre/+0 giant club (18)]
  2995 | D:3      | Killed an ogre
  2996 | D:3      | Reached skill level 5 in Conjurations
  3177 | D:3      | You fall into a shaft and drop 1 floor!
  3190 | D:4      | Reached skill level 5 in Spellcasting
  3190 | D:4      | Reached XP level 6. HP: 32/44 MP: 4/13
  3491 | D:4      | Noticed Edmund
  3502 | D:4      | Slain by Edmund

Illustrated notes

Levels and vault maps discovered:
D:1:      dpeg_arrival_short_road, layout_loops_corners, minmay_lizard_king
D:2:      layout_basic, serial_shops, nicolae_square_shop
D:3:      layout_loops_ring, evilmike_ruin_ashenzari, fedhas_altar_4
D:4:      layout_rooms, lemuel_tele_altar, jmf_multi_god_temple,
          minmay_temple_entry_proselytizer, uniq_edmund

Skill      XL: |  1  2  3  4  5 |
---------------+----------------+-----
Spellcasting   | 3 4 5 |  5.8
Conjurations   | 5 |  5.8
Dodging        | |  1.7
Stealth        | |  1.7

Action                   |  1- 3 |  4- 6 || total
-------------------------+-------+-------++-------
Melee: Unarmed           |    18 |       ||    18
       Tailslap          |     2 |       ||     2
 Fire: Sling             |       |    29 ||    29
Throw: Stone             |     5 |       ||     5
 Cast: Magic Dart        |    82 |     8 ||    90
       Searing Ray       |     3 |    20 ||    23
  Use: Potion            |     1 |     1 ||     2
       Scroll            |       |     1 ||     1
Armor: Skin              |    11 |     8 ||    19
Dodge: Dodged            |    30 |    20 ||    50

Table legend: (Time is in decaauts)
 A = Elapsed time spent in this place.
 B = Non-inter-level travel time spent in this place.
 C = Inter-level travel time spent in this place.
 D = Time resting spent in this place.
 E = Time spent auto-exploring this place.
 F = Levels seen in this place.
 G = Mean time per level.
                   A        B        C        D        E       F      G
               +--------+--------+--------+--------+--------+-----+--------+
         Total |   3511 |   3464 |     47 |    419 |   2556 |   4 |  877.8 |
       Dungeon |   3511 |   3464 |     47 |    419 |   2556 |   4 |  877.8 |
               +--------+--------+--------+--------+--------+-----+--------+

Top non-repeatable levels by time:
     D:1: 1507 daAuts
     D:2: 956 daAuts
     D:3: 717 daAuts
     D:4: 330 daAuts

Table legend:
 A = Kills in this place as a percentage of kills in entire the game.
 B = Kills by you in this place as a percentage of kills by you in the entire game.
 C = Kills by friends in this place as a percentage of kills by friends in the entire game.
 D = Other kills in this place as a percentage of other kills in the entire game.
 E = Experience gained in this place as a percentage of experience gained in the entire game.
 F = Experience gained in this place divided by the number of levels of this place that you have seen.
                   A       B       C       D       E      F
               +-------+-------+-------+-------+-------+----------------------
         Total | 100.0 | 100.0 |   N/A |   N/A | 100.0 | 183.0
       Dungeon | 100.0 | 100.0 |   N/A |   N/A | 100.0 | 183.0
               +-------+-------+-------+-------+-------+----------------------
